3AAA
GRYFINDOR BRAVES @ WILMINGTON BAY HAWKS
09/16/2023
 
TOP OF THE 1ST
Gryfindor Braves batting - Pitching for Wilmington Bay Hawks : RHP Drake Riley
Pitching: RHP Drake Riley
Batting: SHB Alonso Márquez 0-0: Called Strike
0-1: Ball
1-1: TRIPLE (Line Drive, 89M)
Batting: LHB Micheal Garren 0-0: Foul Ball, location: 2F
0-1: Called Strike
0-2: Strikes out swinging
Batting: LHB Jack Schmitt 0-0: Foul Ball, location: 2F
0-1: Ball
1-1: SINGLE (Groundball, 56)
Alonso Márquez scores
Batting: LHB Michael Smith 0-0: Ball
1-0: Foul Ball, location: 2F
1-1: Swinging Strike
1-2: Grounds into double play, 2-6-3 (Groundball, 2R)
Top of the 1st over - 1 run(s), 2 hit(s), 0 error(s), 0 left on base; Gryfindor 1 - Wilmington 0
BOTTOM OF THE 1ST
Wilmington Bay Hawks batting - Pitching for Gryfindor Braves : RHP Don Cunningham
Pitching: RHP Don Cunningham
Batting: RHB José Ramos 0-0: Called Strike
0-1: Ball
1-1: Swinging Strike
1-2: Strikes out swinging
Batting: RHB Daniel Cooper 0-0: Fly out, F4 (Popup, 3D)
Batting: LHB Steve Grimes 0-0: Called Strike
0-1: Ball
1-1: SINGLE (Line Drive, 9S)
Batting: RHB Phil Terry 0-0: Ball
1-0: Foul Ball, location: 2F
1-1: Called Strike
1-2: Strikes out swinging
Bottom of the 1st over - 0 run(s), 1 hit(s), 0 error(s), 1 left on base; Gryfindor 1 - Wilmington 0
TOP OF THE 2ND
Gryfindor Braves batting - Pitching for Wilmington Bay Hawks : RHP Drake Riley
Batting: SHB Emílio Gonzáles 0-0: Ball
1-0: Ball
2-0: Called Strike
2-1: Swinging Strike
2-2: Strikes out swinging
Batting: LHB Dave Lee 0-0: Swinging Strike
0-1: Ground out 6-3 (Groundball, 6M)
Batting: SHB Reed Ramsey 0-0: Ball
1-0: Called Strike
1-1: Ball
2-1: Foul Ball, location: 2F
2-2: SOLO HOME RUN (Flyball, 9LD), Distance : 331 ft
Batting: RHB Manuel González 0-0: Ball
1-0: Swinging Strike
1-1: Swinging Strike
1-2: Strikes out swinging
Top of the 2nd over - 1 run(s), 1 hit(s), 0 error(s), 0 left on base; Gryfindor 2 - Wilmington 0
BOTTOM OF THE 2ND
Wilmington Bay Hawks batting - Pitching for Gryfindor Braves : RHP Don Cunningham
Batting: RHB Bob McNeil 0-0: Ball
1-0: Ball
2-0: Foul Ball, location: 2F
2-1: Ground out 4-3 (Groundball, 4)
Batting: RHB Miguel Angel González 0-0: Foul Ball, location: 2F
0-1: Ball
1-1: Ground out 5-3 (Groundball, 5)
Batting: RHB Pedro Clemente 0-0: Called Strike
0-1: Foul Ball, location: 2F
0-2: Strikes out looking
Bottom of the 2nd over - 0 run(s), 0 hit(s), 0 error(s), 0 left on base; Gryfindor 2 - Wilmington 0
TOP OF THE 3RD
Gryfindor Braves batting - Pitching for Wilmington Bay Hawks : RHP Drake Riley
Batting: RHB Jim Unknown 0-0: Ground out 6-3 (Groundball, 6M)
Batting: SHB Alonso Márquez 0-0: Called Strike
0-1: Ground out 4-3 (Groundball, 4)
Batting: LHB Micheal Garren 0-0: Foul Ball, location: 2F
0-1: Foul Ball, location: 2F
0-2: Ball
1-2: Ball
2-2: Foul Ball, location: 2F
2-2: Strikes out swinging
Top of the 3rd over - 0 run(s), 0 hit(s), 0 error(s), 0 left on base; Gryfindor 2 - Wilmington 0
BOTTOM OF THE 3RD
Wilmington Bay Hawks batting - Pitching for Gryfindor Braves : RHP Don Cunningham
Batting: RHB Broderick Terry 0-0: Foul Ball, location: 2F
0-1: Foul Ball, location: 2F
0-2: Strikes out swinging
Batting: LHB Phil Parkinson 0-0: DOUBLE (Flyball, 7LM)
Batting: RHB José Ramos 0-0: Ground out 6-3 (Groundball, 6M)
Phil Parkinson to third
Batting: RHB Daniel Cooper 0-0: Ball
1-0: Called Strike
1-1: Foul Ball, location: 2F
1-2: Fly out, F8 (Flyball, 78M)
Bottom of the 3rd over - 0 run(s), 1 hit(s), 0 error(s), 1 left on base; Gryfindor 2 - Wilmington 0
TOP OF THE 4TH
Gryfindor Braves batting - Pitching for Wilmington Bay Hawks : RHP Drake Riley
Batting: LHB Jack Schmitt 0-0: Swinging Strike
0-1: Ball
1-1: Ball
2-1: Ball
3-1: Called Strike
3-2: Base on Balls
Batting: LHB Michael Smith 0-0: Ball
1-0: Ball
2-0: Ball
3-0: Base on Balls
Jack Schmitt to second
Batting: SHB Emílio Gonzáles 0-0: Foul Ball, location: 2F
0-1: Ball
1-1: Ball
2-1: Fielders Choice at 2nd, 3-6 (Groundball, 34)
Jack Schmitt to third
Batting: LHB Dave Lee 0-0: Ball
Reached via error on a dropped throw, E6
Jack Schmitt scores
Emílio Gonzáles to second
Batting: SHB Reed Ramsey 0-0: Ball
1-0: Fly out, F4 (Flyball, 9LM)
Batting: RHB Manuel González 0-0: Foul Ball, location: 2F
0-1: Foul Ball, location: 2F
0-2: Ball
1-2: SINGLE (Groundball, 6D)
Emílio Gonzáles to third
Dave Lee to second
Runner from 3rd tries for Home, SAFE, no throw or cutoff
Batting: RHB Jim Unknown 0-0: Ball
1-0: Swinging Strike
1-1: Ball
2-1: Foul Ball, location: 2F
2-2: Foul Ball, location: 2F
2-2: Foul Ball, location: 2F
2-2: Foul Ball, location: 2F
2-2: Foul Ball, location: 2F
2-2: SINGLE (Groundball, 56D) (infield hit)
Dave Lee to third
Manuel González to second
Batting: SHB Alonso Márquez 0-0: Foul Ball, location: 2F
0-1: Foul Ball, location: 2F
0-2: Ball
1-2: Ball
2-2: Foul Ball, location: 2F
2-2: Fielders Choice at 2nd, 6-4 (Groundball, 6MS)
Top of the 4th over - 2 run(s), 2 hit(s), 1 error(s), 2 left on base; Gryfindor 4 - Wilmington 0
BOTTOM OF THE 4TH
Wilmington Bay Hawks batting - Pitching for Gryfindor Braves : RHP Don Cunningham
Batting: LHB Steve Grimes 0-0: Fly out, F4 (Line Drive, 4M)
Batting: RHB Phil Terry 0-0: Ball
1-0: Fly out, F8 (Flyball, 89D)
Batting: RHB Bob McNeil 0-0: Ball
1-0: Ball
2-0: Ball
3-0: Base on Balls
Batting: RHB Miguel Angel González 0-0: Foul Ball, location: 2F
0-1: Ball
1-1: Ball
2-1: Ball
3-1: Foul Ball, location: 2F
3-2: Strikes out looking
Bottom of the 4th over - 0 run(s), 0 hit(s), 0 error(s), 1 left on base; Gryfindor 4 - Wilmington 0
TOP OF THE 5TH
Gryfindor Braves batting - Pitching for Wilmington Bay Hawks : RHP Drake Riley
Batting: LHB Micheal Garren 0-0: Ball
1-0: Ball
2-0: Called Strike
2-1: Called Strike
2-2: Ball
3-2: SINGLE (Groundball, 4M)
Pitching: RHP Juan Valentín
Batting: LHB Jack Schmitt 0-0: Called Strike
0-1: Ball
1-1: Called Strike
Micheal Garren steals 2nd base
1-2: Foul Ball, location: 2F
1-2: DOUBLE (Line Drive, 8RXD)
Micheal Garren scores
Batting: LHB Michael Smith 0-0: Ball
1-0: Called Strike
1-1: Ball
2-1: Swinging Strike
2-2: Foul Ball, location: 2F
2-2: Ball
3-2: Base on Balls
Batting: SHB Emílio Gonzáles 0-0: Swinging Strike
0-1: Ball
1-1: Called Strike
1-2: Strikes out swinging
Batting: LHB Dave Lee 0-0: Grounds into double play, 2-6-3 (Groundball, 2L)
Top of the 5th over - 1 run(s), 2 hit(s), 0 error(s), 1 left on base; Gryfindor 5 - Wilmington 0
BOTTOM OF THE 5TH
Wilmington Bay Hawks batting - Pitching for Gryfindor Braves : RHP Don Cunningham
Batting: RHB Pedro Clemente 0-0: Ball
1-0: Ground out 4-3 (Groundball, 4)
Batting: RHB Broderick Terry 0-0: Ball
1-0: Foul Ball, location: 2F
1-1: Foul Ball, location: 2F
1-2: Foul Ball, location: 2F
1-2: Strikes out swinging
Batting: LHB Phil Parkinson 0-0: SINGLE (Groundball, 13) (infield hit)
Batting: RHB José Ramos 0-0: Called Strike
0-1: Ball
1-1: Foul Ball, location: 2F
Pickoff Throw to First - Out!
Bottom of the 5th over - 0 run(s), 1 hit(s), 0 error(s), 0 left on base; Gryfindor 5 - Wilmington 0
TOP OF THE 6TH
Gryfindor Braves batting - Pitching for Wilmington Bay Hawks : RHP Juan Valentín
Batting: SHB Reed Ramsey 0-0: Ball
1-0: Ball
2-0: Ball
3-0: Base on Balls
Batting: RHB Manuel González 0-0: Bunt missed!
0-1: Sac Bunt - play at first, batter OUT! 5-4
Reed Ramsey to second
Batting: RHB Jim Unknown 0-0: Ball
1-0: Called Strike
1-1: Ball
2-1: Foul Ball, location: 2F
2-2: Ball
3-2: Base on Balls
Batting: SHB Alonso Márquez 0-0: Swinging Strike
0-1: Foul Ball, location: 2F
0-2: Grounds into double play, 6-4-3 (Groundball, 6)
Top of the 6th over - 0 run(s), 0 hit(s), 0 error(s), 1 left on base; Gryfindor 5 - Wilmington 0
BOTTOM OF THE 6TH
Wilmington Bay Hawks batting - Pitching for Gryfindor Braves : RHP Don Cunningham
Batting: RHB José Ramos 0-0: Called Strike
0-1: Ball
1-1: Swinging Strike
1-2: Strikes out swinging
Batting: RHB Daniel Cooper 0-0: Called Strike
0-1: Swinging Strike
0-2: Strikes out swinging
Batting: LHB Steve Grimes 0-0: Ball
1-0: Ball
2-0: Called Strike
2-1: Ball
3-1: SOLO HOME RUN (Flyball, 7D), Distance : 362 ft
Batting: RHB Phil Terry 0-0: Called Strike
0-1: Ball
1-1: Ball
2-1: Fly out, F6 (Popup, 6M)
Bottom of the 6th over - 1 run(s), 1 hit(s), 0 error(s), 0 left on base; Gryfindor 5 - Wilmington 1
TOP OF THE 7TH
Gryfindor Braves batting - Pitching for Wilmington Bay Hawks : RHP Juan Valentín
Batting: LHB Micheal Garren 0-0: Ball
1-0: Foul Ball, location: 2F
1-1: Fly out, F7 (Flyball, 7LM)
Batting: LHB Jack Schmitt 0-0: Swinging Strike
0-1: Called Strike
0-2: Foul Ball, location: 2F
0-2: Foul Ball, location: 2F
0-2: Ball
1-2: Ball
2-2: Ball
3-2: Base on Balls
Batting: LHB Michael Smith 0-0: Called Strike
0-1: Foul Ball, location: 2F
0-2: Foul Ball, location: 2F
0-2: Strikes out swinging
Batting: SHB Emílio Gonzáles 0-0: Called Strike
0-1: Ball
1-1: SINGLE (Groundball, 34) (infield hit)
Jack Schmitt to second
Batting: LHB Dave Lee 0-0: SINGLE (Groundball, 34D)
Jack Schmitt to third
Emílio Gonzáles to second
Runner from 3rd tries for Home, SAFE, no throw or cutoff
Batting: SHB Reed Ramsey 0-0: Called Strike
0-1: Ball
1-1: Ball
2-1: SINGLE (Line Drive, 7LS)
Emílio Gonzáles to third
Dave Lee to second
Runner from 3rd tries for Home, SAFE, no throw or cutoff
Batting: RHB Manuel González 0-0: Ball
1-0: Called Strike
1-1: Foul Ball, location: 2F
1-2: Ball
2-2: Ball
3-2: Strikes out swinging
Top of the 7th over - 2 run(s), 3 hit(s), 0 error(s), 2 left on base; Gryfindor 7 - Wilmington 1
BOTTOM OF THE 7TH
Wilmington Bay Hawks batting - Pitching for Gryfindor Braves : RHP Don Cunningham
Batting: RHB Bob McNeil 0-0: Fly out, F9 (Flyball, 9M)
Batting: RHB Miguel Angel González 0-0: Called Strike
0-1: Ball
1-1: Swinging Strike
1-2: Ground out 6-3 (Groundball, 6M)
Batting: RHB Pedro Clemente 0-0: Ball
1-0: Ground out 4-3 (Groundball, 34)
Bottom of the 7th over - 0 run(s), 0 hit(s), 0 error(s), 0 left on base; Gryfindor 7 - Wilmington 1
TOP OF THE 8TH
Gryfindor Braves batting - Pitching for Wilmington Bay Hawks : RHP Juan Valentín
Batting: RHB Jim Unknown 0-0: Ball
1-0: Reached on error, E6 (Groundball, 6)
Pitching: RHP Earnest Hunt
Batting: SHB Alonso Márquez 0-0: Bunted foul
0-1: Sac Bunt - play at first, batter OUT! 1-4
Jim Unknown to second
Batting: LHB Micheal Garren 0-0: Called Strike
0-1: Called Strike
0-2: Strikes out looking
Batting: LHB Jack Schmitt 0-0: Called Strike
0-1: Ball
1-1: DOUBLE (Groundball, 3L)
Jim Unknown scores
Batting: LHB Michael Smith 0-0: Ball
1-0: Ball
2-0: Ground out U3 (Groundball, 3L)
Top of the 8th over - 1 run(s), 1 hit(s), 1 error(s), 1 left on base; Gryfindor 8 - Wilmington 1
BOTTOM OF THE 8TH
Wilmington Bay Hawks batting - Pitching for Gryfindor Braves : RHP Don Cunningham
Batting: RHB Broderick Terry 0-0: Called Strike
0-1: Ball
1-1: Ball
2-1: Fly out, F9 (Line Drive, 9LM)
Batting: LHB Phil Parkinson 0-0: Foul Ball, location: 2F
0-1: Ground out 3-1 (Groundball, 3)
Batting: RHB José Ramos 0-0: Fly out, F7 (Flyball, 7LM)
Bottom of the 8th over - 0 run(s), 0 hit(s), 0 error(s), 0 left on base; Gryfindor 8 - Wilmington 1
TOP OF THE 9TH
Gryfindor Braves batting - Pitching for Wilmington Bay Hawks : RHP Earnest Hunt
Pitching: RHP Jen-djieh Si
Batting: SHB Emílio Gonzáles 0-0: Foul Ball, location: 2F
0-1: Ball
1-1: Ball
2-1: Swinging Strike
2-2: SINGLE (Groundball, 34D)
Batting: LHB Dave Lee 0-0: Ball
1-0: Called Strike
1-1: Ball
2-1: Ball
3-1: Sac Bunt - play at first, batter OUT! 5-4
Emílio Gonzáles to second
Batting: SHB Reed Ramsey 0-0: Ball
Emílio Gonzáles is caught stealing 3rd base
1-0: Called Strike
1-1: Ball
2-1: Foul Ball, location: 2F
2-2: Foul Ball, location: 2F
2-2: Ball
3-2: Fly out, F9 (Line Drive, 89S)
Top of the 9th over - 0 run(s), 1 hit(s), 0 error(s), 0 left on base; Gryfindor 8 - Wilmington 1
BOTTOM OF THE 9TH
Wilmington Bay Hawks batting - Pitching for Gryfindor Braves : RHP Don Cunningham
Batting: RHB Daniel Cooper 0-0: Ball
1-0: Called Strike
1-1: Fly out, F4 (Popup, 6MD)
Batting: LHB Steve Grimes 0-0: Foul Ball, location: 2F
0-1: Swinging Strike
0-2: Ball
1-2: Fly out, F8 (Line Drive, 8LM)
Batting: RHB Phil Terry 0-0: Ball
1-0: Called Strike
1-1: Foul Ball, location: 2F
1-2: Ball
2-2: Ground out 4-3 (Groundball, 4)
Bottom of the 9th over - 0 run(s), 0 hit(s), 0 error(s), 0 left on base; Gryfindor 8 - Wilmington 1
This league is powered by Out of the Park Baseball, the baseball management simulation game for PC, Mac and Linux
Friday, July 8th, 2016 - OOTP Baseball 16.9 Build 39